Map: Catalyst LE

Players

rogerWabbiT - Winner!

  • Race: Zerg Zerg
  • League: Platinum
  • Spawn Location: 5:00

Alchemy

  • Race: Protoss Protoss
  • League: Gold
  • Spawn Location: 11:00

VOD

Have the link to the VOD?

Description

Time

  • Played on: March 7, 2018, 7:47 a.m.
  • Length: 9:40
Show
View Real Time Build Order
Export as new Build Order

rogerWabbiT Zerg - Winner!

Build Orders: Hatch First 

Get SALT Encoding   

  12  0:02  Drone  
  13  0:09  Drone  
  14  0:18  Overlord  
  14  0:25  Extractor  
  14  0:26  Drone  
  14  0:37  Drone  
  14  0:38  Drone  
  16  1:00  Hatchery  
  15  1:14  Spawning Pool  
  15  1:15  Drone  
  15  1:19  Drone  
  15  1:23  Drone  
  17  1:30  Drone  
  18  1:40  Drone  
  19  1:49  Overlord  
  19  2:02  Drone  
  19  2:04  Queen  
  22  2:14  Drone  
  25  2:28  Roach Warren  
  22  2:33  Hatchery  
  21  2:38  Zergling x4  
  23  3:09  Roach x3  
  28  3:24  Zergling x6  
  22  3:48  Roach  
  24  3:49  Roach x2  
  24  3:53  Drone  
  27  4:13  Zergling x4  
  26  4:24  Zergling x8  
  28  4:25  Zergling x2  
  28  4:27  Roach  
  33  4:45  Roach  
  35  4:48  Ravager  
  35  4:52  Overlord x2  
  32  5:41  Roach  
  32  5:42  Roach x2  
  38  5:44  Roach x3  
  44  6:10  Drone  
  44  6:11  Drone  
  46  6:12  Drone x2  
  48  6:23  Overlord  
  29  7:24  Roach  
  29  7:25  Roach x2  
  29  7:26  Roach x2  
  29  7:27  Roach  
  41  7:44  Ravager  
  42  7:46  Ravager  
  43  8:01  Hatchery  
  42  8:31  Drone x3  
  42  8:33  Drone  
  47  8:34  Drone x2  
Show
View Real Time Build Order
Export as new Build Order

Alchemy Protoss 

Build Orders:  

Get SALT Encoding   

  12  0:01  Probe  
  13  0:13  Probe  
  14  0:19  Pylon  
  14  0:25  Probe  
  15  0:39  Pylon  
  15  0:42  Probe  
  16  0:48  Forge  
  16  0:54  Probe  
  17  1:06  Pylon  
  17  1:14  Gateway  
  17  1:23  Gateway  
  17  1:38  Photon Cannon  
  17  1:45  Photon Cannon  
  17  2:03  Zealot (Chrono Boost)  
  19  2:11  Zealot (Chrono Boost)  
  21  2:22  Assimilator  
  21  2:24  Zealot (Chrono Boost)  
  21  2:26  Cybernetics Core  
  21  2:29  Probe, Zealot  
  26  2:42  Probe  
  27  2:47  Zealot  
  29  2:54  Probe  
  29  2:56  Zealot  
  32  3:17  Zealot  
  34  3:23  Zealot  
  36  3:28  Warp Gate (Chrono Boost)  
  32  3:34  Assimilator  
  32  3:36  Probe  
  29  3:44  Zealot  
  29  3:48  Probe, Pylon  
  32  3:50  Zealot  
  34  4:00  Probe  
  33  4:12  Zealot (Chrono Boost)  
  31  4:18  Zealot (Chrono Boost)  
  31  4:36  Stalker (Chrono Boost)  
  31  4:42  Stalker (Chrono Boost)  
  35  4:58  Stalker, Robotics Facility  
  37  5:04  Stalker  
  39  5:33  Pylon  
  39  5:47  Pylon  
  39  6:02  Immortal (Chrono Boost)  
  43  6:25  Stalker x2  
  47  6:33  Protoss Ground Weapons Level 1 (Chrono Boost)  
  47  6:42  Pylon  
  47  6:44  Pylon  
  39  6:59  Stalker x2  
  23  7:38  Nexus  
  23  7:43  Gateway  
  23  7:44  Gateway  
  23  7:52  Robotics Facility  
  23  7:53  Twilight Council  
  23  8:12  Probe  
  24  8:24  Probe  
  25  8:39  Immortal  
  29  8:43  Pylon  
  29  8:45  Probe  
  30  8:57  Probe  
  30  8:59  Stalker x2  
  39  9:28  Stalker x2  
Tags
 
Matchup
PvZ
Spawn Locations
Cross Positions
Add a new tag
Caveats
  • Supply blocks, unpowered buildings, or Contaminate may cause inaccurate times.
  • Supply counts are checked every 10 seconds.